 Dungeon Crawl Stone Soup version 0.22.1-2-g9c5b331 (webtiles) character file.

229 mistaalex the Skirmisher (level 6, -1/53 HPs)
             Began as a Hill Orc Fighter on Nov 15, 2018.
             Was an Initiate of the Shining One.
             Killed from afar by an orc wizard (7 damage)
             ... with a magic dart
             ... on level 4 of the Dungeon.
             The game lasted 00:19:26 (3181 turns).

mistaalex the Skirmisher (Hill Orc Fighter)         Turns: 3181, Time: 00:19:28

Health: -1/53      AC:  3    Str: 19 (21) XL:     6   Next: 3%
Magic:  6/6        EV: 10    Int:  5 (8)  God:    the Shining One [......]
Gold:   144        SH:  9    Dex:  9 (10) Spells: 5/5 levels left

rFire    . . .     SeeInvis .   a - +0 long sword
rCold    . . .     Gourm    .   c - +0 shield
rNeg     . . .     Faith    .   l - +0 robe
rPois    .         Spirit   .   (no helmet)
rElec    .         Reflect  .   (no cloak)
rCorr    .         Harm     .   r - +0 pair of gloves
MR       .....                  (no boots)
Stlth    +.........             n - amulet of the acrobat
HPRegen  0.17/turn              (no ring)
MPRegen  0.10/turn              (no ring)

@: slowed, glowing, very slow
A: no striking features
a: Renounce Religion


You were on level 4 of the Dungeon.
You worshipped the Shining One.
The Shining One was noncommittal.
You were hungry.

You visited 1 branch of the dungeon, and saw 4 of its levels.

You collected 144 gold pieces.

Inventory:

Hand Weapons
 a - a +0 long sword (weapon)
Armour
 b - a cursed +0 ring mail
 c - a +0 shield (worn)
 l - a +0 robe (worn)
 o - a +0 chain mail
 r - a +0 pair of gloves (worn)
Jewellery
 i - an uncursed ring of magical power {unknown}
 j - a +6 ring of dexterity {unknown}
 n - an amulet of the acrobat (around neck)
Scrolls
 h - a scroll of blinking
 k - 2 scrolls of remove curse
 m - a scroll of teleportation
 q - a scroll of magic mapping
 s - a scroll of random uselessness {unknown}
Potions
 d - a potion of might
 e - 2 potions of curing
 p - a potion of flight
Comestibles
 f - 5 rations


   Skills:
 + Level 4.7 Fighting
 + Level 4.3 Long Blades
 + Level 3.8 Armour
 + Level 1.6 Dodging
 + Level 0.3 Stealth
 + Level 4.1 Shields


You had 5 spell levels left.
You didn't know any spells.
Your spell library was empty.

Dungeon Overview and Level Annotations

Branches:
Dungeon (4/15)
 Temple: D:4-7

Altars:
Ashenzari
Kikubaaqudgha
Qazlal
Xom
Yredelemnul
Zin
The Shining One


Message History

The orc wizard barely misses you.
You hit the orc wizard.
The orc wizard is severely wounded.
The orc wizard hits you with a dagger.
* * * LOW HITPOINT WARNING * * *
The orc wizard hits you with a dagger.
* * * LOW HITPOINT WARNING * * *
The orc wizard mumbles some strange words.
The orc wizard blinks!
The orc wizard points at you and mumbles some strange words.
The magic dart hits you!
* * * LOW HITPOINT WARNING * * *
You barely miss the orc wizard.
The orc wizard is severely wounded.
The orc wizard hits you with a dagger.
* * * LOW HITPOINT WARNING * * *
You block the orc wizard's attack.
The orc wizard gestures at you while chanting.
The magic dart hits you!
You die...

............#
o..........
.o.......#.#
#..##.#
##.##.#
#†(#.# ##o#.#
#o#.# #@#.#
###..)#
#.....#
#.##..#
###.##..##
#...##...#
#.####...###
#..........#
#####.##.#.#


You could see an orc wizard and an orc.

Vanquished Creatures
  A howler monkey (D:4)
  An orc priest (D:4)
  A centaur skeleton (D:4)
  Terence (D:3)
  4 adders
  An adder skeleton (D:4)
  A worm (D:3)
  5 dart slugs
  6 orcs
  A giant cockroach (D:1)
  7 hobgoblins
  2 jackals (D:2)
  3 bats (D:1)
  4 frilled lizards
  6 goblins
  6 kobolds
  6 rats
56 creatures vanquished.

Notes
Turn   | Place    | Note
-------+----------+-------------------------------------------
     0 | D:1      | mistaalex the Hill Orc Fighter began the quest for the Orb.
     0 | D:1      | Reached XP level 1. HP: 19/19 MP: 1/1
   524 | D:1      | Reached XP level 2. HP: 24/27 MP: 2/2
   806 | D:1      | Reached XP level 3. HP: 33/33 MP: 3/3
  1191 | D:2      | Found a shattered altar of Ashenzari.
  1268 | D:2      | Found a faded altar of an unknown god.
  1312 | D:2      | Found a glowing golden altar of the Shining One.
  1319 | D:2      | Became a worshipper of the Shining One
  1385 | D:2      | Found a glowing silver altar of Zin.
  1437 | D:2      | Noticed an earth elemental
  1439 | D:2      | Found a stormy altar of Qazlal.
  1442 | D:2      | Noticed a water elemental
  1442 | D:2      | Noticed a fire elemental
  1442 | D:2      | Noticed an air elemental
  2154 | D:2      | Reached XP level 4. HP: 40/40 MP: 4/4
  2223 | D:3      | Found an ancient bone altar of Kikubaaqudgha.
  2426 | D:3      | Reached skill level 1 in Dodging
  2489 | D:3      | Noticed Terence
  2496 | D:3      | Killed Terence
  2645 | D:3      | Found a shimmering altar of Xom.
  2753 | D:3      | Found a basalt altar of Yredelemnul.
  3071 | D:4      | Reached XP level 5. HP: 46/47 MP: 5/5
  3154 | D:4      | Reached XP level 6. HP: 16/53 MP: 6/6
  3181 | D:4      | Killed from afar by an orc wizard

Skill      XL: |  1  2  3  4  5 |
---------------+----------------+-----
Fighting       | 4 |  4.7
Long Blades    | 3 4 |  4.3
Dodging        | 1 |  1.6
Shields        | 4 |  4.1
Armour         | |  3.8
Stealth        | |  0.3

Action                   |  1- 3 |  4- 6 || total
-------------------------+-------+-------++-------
Melee: Long sword        |   115 |    83 ||   198
  Use: Scroll            |     7 |       ||     7
       Potion            |       |     5 ||     5
  Eat: Ration            |     2 |       ||     2
Armor: Scale mail        |    24 |       ||    24
       Robe              |    11 |     6 ||    17
Dodge: Dodged            |    52 |    48 ||   100
Block: Shield            |    70 |    48 ||   118
       Rpst.: Long sword |    15 |    16 ||    31
